 Dungeon Crawl Stone Soup version 0.24.0-13-gcf9b3192b9 (webtiles) character file.

Game seed: 8857565899883130721, levelgen mode: deterministic

81 Aviak the Shield-Bearer (level 4, -2/41 HPs)
             Began as a Minotaur Fighter on Nov 9, 2019.
             Slain by Natasha (4 damage)
             ... on level 2 of the Dungeon.
             The game lasted 00:01:10 (1377 turns).

Aviak the Shield-Bearer (Minotaur Fighter)          Turns: 1377, Time: 00:01:11

Health: -2/41      AC:  9    Str: 22    XL:     4   Next: 19%
Magic:  3/3        EV:  5    Int:  5    God:
Gold:   39         SH:  9    Dex:  9    Spells: 3/3 levels left

rFire    . . .     SeeInvis .   a - +0 war axe
rCold    . . .     Gourm    .   c - +0 shield
rNeg     . . .     Faith    .   i - +0 chain mail (curse)
rPois    .         Spirit   .   (helmet restricted)
rElec    .         Reflect  .   (no cloak)
rCorr    .         Harm     .   (no gloves)
MR       .....                  (no boots)
Stlth    ..........             (no amulet)
HPRegen  0.13/turn              (no ring)
MPRegen  0.08/turn              (no ring)

@: no status effects
A: retaliatory headbutt, horns 2
a: no special abilities


You were on level 2 of the Dungeon.
You were not hungry.

You visited 1 branch of the dungeon, and saw 2 of its levels.

You collected 39 gold pieces.

Inventory:

Hand Weapons
 a - a +0 war axe (weapon)
Armour
 b - a +0 scale mail
 c - a +0 shield (worn)
 i - a cursed +0 chain mail (worn)
Jewellery
 h - an uncursed amulet of harm {unknown}
Scrolls
 g - 2 scrolls of remove curse {unknown}
 j - 2 scrolls of magic mapping {unknown}
 k - a scroll of enchant armour {unknown}
 m - 2 scrolls of identify {unknown}
Potions
 d - a potion of might
 e - a potion of mutation {unknown}
 l - a potion of curing {unknown}
 n - a potion of haste {unknown}
 o - 3 potions of agility {unknown}
 p - 2 potions of invisibility {unknown}
Comestibles
 f - 3 rations


   Skills:
 + Level 4.3 Fighting
 + Level 3.3 Axes
 + Level 4.4 Armour
 + Level 4.4 Shields


You had 3 spell levels left.
You didn't know any spells.
Your spell library was empty.

Dungeon Overview and Level Annotations

Branches:
Dungeon (2/15)

Altars:

Annotations:
D:2 Natasha


Innate Abilities, Weirdness & Mutations

You reflexively headbutt those who attack you in melee.
You have a pair of horns on your head.


Message History

Natasha claws you but does no damage. You block Natasha's attack.
Unknown command.
You closely miss Natasha.
Natasha is severely wounded.
Natasha casts a spell at you. The magic dart hits you.
* * * LOW HITPOINT WARNING * * *
You completely miss Natasha. Your headbutt misses Natasha.
Natasha is severely wounded.
Natasha stares at you and mumbles some strange words.
The magic dart hits you.
* * * LOW HITPOINT WARNING * * *
You barely miss Natasha.
Natasha is severely wounded.
Natasha casts a spell.
Natasha barely misses you.
You hit Natasha.
Natasha is almost dead.
You miss the crimson imp. Natasha claws you.
You die...

### ... #
#.####### ###.
#.......# ...#
###.# ...#5h.#
#.#@###
#######...##
#######..........#
#......†########.#
#.####...........#
##.# #.##........#
...# #.##.######.#
#### #.##.# #.#
#.##.# #.#


You could see Natasha and a crimson imp.

Vanquished Creatures
  3 adders (D:2)
  3 worms (D:2)
  A dart slug (D:2)
  2 leopard geckos
  A ball python (D:1)
  7 giant cockroaches (D:2)
  9 goblins
  3 hobgoblins (D:1)
  3 kobolds (D:1)
  3 bats
  A frilled lizard (D:1)
  4 rats
40 creatures vanquished.

Notes
Turn   | Place    | Note
-------+----------+-------------------------------------------
     0 | D:1      | Aviak the Minotaur Fighter began the quest for the Orb.
     0 | D:1      | Reached XP level 1. HP: 19/19 MP: 0/0
    93 | D:1      | Reached XP level 2. HP: 22/27 MP: 1/1
  1095 | D:2      | Reached XP level 3. HP: 25/33 MP: 2/2
  1339 | D:2      | Reached XP level 4. HP: 18/40 MP: 3/3
  1354 | D:2      | Noticed Natasha
  1375 | D:2      | HP: 2/41 [Natasha/magic dart (3)]
  1377 | D:2      | Slain by Natasha

Levels and vault maps discovered:
D:1:      matt_arrival_los_fun, layout_basic
D:2:      layout_loops_ring, minmay_worlds_worst_comb, uniq_natasha

Skill      XL: |  1  2 |
---------------+-------+-----
Shields        | 4 |  4.4
Fighting       | 4 |  4.3
Armour         | 4 |  4.4
Axes           | 3 |  3.3

Action                   |  1- 3 |  4- 6 || total
-------------------------+-------+-------++-------
Melee: War axe           |   105 |    23 ||   128
       Headbutt          |    14 |     3 ||    17
  Eat: Chunk             |     1 |     1 ||     2
Armor: Scale mail        |     4 |       ||     4
       Chain mail        |    50 |    14 ||    64
Dodge: Dodged            |    28 |     7 ||    35
Block: Shield            |    48 |     9 ||    57
